 Dungeon Crawl Stone Soup version 0.27-a0-1321-gd358eaa319 (webtiles) character file.

Game seed: 1251714011410724013

156831 Nattfarinn the Bewitcher (level 18, 0/107 HPs)
             Began as a Kobold Enchanter on June 22, 2021.
             Was the Champion of Dithmenos.
             Slain by a tengu warrior (3 damage)
             ... while paralysed by a vampire knight
             ... on level 2 of the Depths.
             The game lasted 02:13:18 (47201 turns).

Nattfarinn the Bewitcher (Kobold Enchanter)        Turns: 47201, Time: 02:13:18

Health: 0/107      AC: 13    Str: 12    XL:     18   Next: 31%
Magic:  28/31      EV:  3    Int: 27    God:    Dithmenos [******]
Gold:   616        SH:  0    Dex: 20    Spells: 1/35 levels left

rFire    + . .     SeeInvis .   a - +4 dagger (venom)
rCold    + + +     Faith    .   (shield restricted)
rNeg     . . .     Spirit   .   N - +2 robe {rC+}
rPois    .         Reflect  +   S - +1 helmet
rElec    .         Harm     .   I - scarf {rC+ rF+}
rCorr    .         Rampage  .   (no gloves)
Will     +....                  R - +2 pair of boots Stlth ***+++++++
                                b - amulet of Vucad {Reflect rC+ SH+5}
HPRegen  0.27/turn              h - +4 ring of protection
MPRegen  0.22/turn              X - ring of Freedom {Str+6 Int+6 Dex+2 Stlth+}

@: paralysed, wreathed by umbra
A: small, no large weapons, nightstalker 3
a: Renounce Religion, Shadow Step, Shadow Form


You were on level 2 of the Depths.
You worshipped Dithmenos.
Dithmenos was exalted by your worship.
You visited 5 branches of the dungeon, and saw 26 of its levels.
You also visited: Ice Cave.

You collected 2588 gold pieces.
You spent 1972 gold pieces at shops.

Inventory:

Hand Weapons
 a - a +4 dagger of venom (weapon)
Missiles
 k - 111 poisoned darts
 H - 11 curare-tipped darts
 O - a throwing net
 T - 8 boomerangs of dispersal
Armour
 I - a scarf of resistance (worn)
 N - a +2 robe of cold resistance (worn)
 R - a +2 pair of boots (worn)
 S - a +1 helmet (worn)
Jewellery
 b - the amulet of Vucad (around neck) {Reflect rC+ SH+5}
   (You bought it in a shop on level 1 of the Depths)

   [amulet of reflection]

   It reflects blocked missile attacks.
   It protects you from cold.
   It affects your SH (+5).
 h - a +4 ring of protection (left hand)
 n - a +4 ring of evasion
 o - a +4 ring of protection
 r - a ring of poison resistance
 t - a ring of willpower
 v - a ring of protection from fire
 M - a ring of ice
 W - an amulet of regeneration
 X - the ring of Freedom (right hand) {Str+6 Int+6 Dex+2 Stlth+}
   (You found it on level 9 of the Dungeon)

   [ring of strength]

   It affects your strength (+6).
   It affects your intelligence (+6).
   It affects your dexterity (+2).
   It makes you more stealthy.
Wands
 q - a wand of polymorph (14)
 y - a wand of digging (9)
 B - a wand of iceblast (22)
 F - a wand of flame (109)
 V - a wand of paralysis (14)
Scrolls
 f - 8 scrolls of vulnerability
 g - 6 scrolls of immolation
 l - 9 scrolls of teleportation
 u - 4 scrolls of amnesia
 x - a scroll of summoning
 A - 4 scrolls of identify
 G - a scroll of magic mapping
 J - 2 scrolls of holy word
 P - a scroll of fog
 Q - 2 scrolls of silence
Potions
 c - 4 potions of attraction
 d - 2 potions of flight
 i - 6 potions of mutation
 j - 17 potions of curing
 m - 2 potions of magic
 p - 6 potions of heal wounds
 s - a potion of berserk rage
 w - 5 potions of might
 z - 5 potions of cancellation
 E - 4 potions of haste
 K - 2 potions of invisibility
 L - 2 potions of brilliance
 U - 3 potions of resistance
 Y - 2 potions of lignification
Miscellaneous
 e - a lightning rod (4/4)


   Skills:
 - Level 10.0 Fighting
 - Level 10.0 Short Blades
 - Level 16.5 Dodging
 - Level 11.0 Stealth
 - Level 9.2 Spellcasting
 * Level 18.5 Hexes
 - Level 8.5 Poison Magic
 - Level 11.2 Evocations


You had one spell level left.
You knew the following spells:

 Your Spells              Type           Power      Damage    Failure   Level
a - Corona                Hex            94%        N/A       0%          1
b - Ensorcelled Hibernat  Hex/Ice        100%       N/A       1%          2
c - Confusing Touch       Hex            85%        N/A       0%          3
d - Tukima's Dance        Hex            85%        N/A       0%          3
e - Cause Fear            Hex            42%        N/A       1%          4
f - Dazzling Flash        Conj/Hex       100%       N/A       1%          3
g - Olgreb's Toxic Radia  Pois           56%        N/A       1%          4
h - Invisibility          Hex            42%        N/A       1%          6
i - Discord               Hex            42%        N/A       16%         8

Your spell library contained the following spells:

 Spells                   Type           Power      Damage    Failure   Level
 Sting                    Tmut/Pois      100%       1d8       1%          1
 Animate Skeleton         Necr           24%        N/A       4%          1
 Apportation              Tloc           24%        N/A       4%          1
 Beastly Appendage        Tmut           24%        N/A       4%          1
 Foxfire                  Conj/Fire      48%        2x1d6     4%          1
 Magic Dart               Conj           48%        1d5       4%          1
 Pain                     Necr           48%        1d6       4%          1
 Slow                     Hex            85%        N/A       0%          2
 Poisonous Vapours        Pois/Air       70%        N/A       1%          2
 Inner Flame              Hex/Fire       58%        N/A       1%          3
 Fulminant Prism          Conj/Hex       29%        3d14      1%          4
 Spider Form              Tmut/Pois      17%        N/A       2%          3
 Silence                  Hex/Air        29%        N/A       3%          5
 Yara's Violent Unravell  Hex/Tmut       29%        3d12      3%          5
 Ignite Poison            Fire/Tmut/Pois 27%        N/A       4%          3
 Mephitic Cloud           Conj/Pois/Air  27%        N/A       4%          3
 Blink                    Tloc           N/A        N/A       7%          2
 Call Imp                 Summ           12%        N/A       7%          2
 Searing Ray              Conj           24%        3d4       7%          2
 Static Discharge         Conj/Air       12%        N/A       7%          2
 Wereblood                Tmut           12%        N/A       7%          2
 Conjure Flame            Conj/Fire      12%        6-21      14%         3
 Gell's Gravitas          Tloc           6%         N/A       14%         3
 Lesser Beckoning         Tloc           6%         N/A       14%         3
 Stone Arrow              Conj/Erth      24%        3d8       14%         3
 Teleport Other           Tloc           12%        N/A       14%         3
 Vampiric Draining        Necr           6%         2d6       14%         3
 Alistair's Intoxication  Tmut/Pois      23%        N/A       22%         5
 Animate Dead             Necr           6%         N/A       43%         4
 Ice Form                 Ice/Tmut       12%        N/A       43%         4
 Iskenderun's Mystic Bla  Conj/Tloc      12%        2d5       43%         4
 Sticky Flame             Conj/Fire      12%        2d4       43%         4
 Summon Ice Beast         Ice/Summ       12%        N/A       43%         4
 Agony                    Necr           12%        N/A       78%         5
 Fireball                 Conj/Fire      6%         3d5       78%         5
 Freezing Cloud           Conj/Ice/Air   6%         6-21      78%         5
 Irradiate                Conj/Tmut      6%         3d15      78%         5
 Manifold Assault         Tloc           12%        N/A       78%         5
 Simulacrum               Ice/Necr       6%         N/A       100%        6
 Haunt                    Necr/Summ      6%         N/A       100%        7
 Malign Gateway           Summ/Tloc      6%         N/A       100%        7
 Monstrous Menagerie      Summ           6%         N/A       100%        7
 Ozocubu's Refrigeration  Ice            6%         4d6       100%        7
 Spellforged Servitor     Conj/Summ      6%         N/A       100%        7
 Summon Horrible Things   Summ           6%         N/A       100%        8


Dungeon Overview and Level Annotations

Branches:
Dungeon (15/15)            Temple (1/1) D:4            Lair (6/6) D:8
 Shoals (0/4) Lair:4        Snake (0/4) Lair:2        Slime (0/5) Lair:5
    Orc (2/2) D:12            Elf (0/3) Orc:2        Vaults (0/5) D:14
 Depths (2/5) D:15          IceCv (visited)

Altars:
Dithmenos
Fedhas
Qazlal
Xom
Yredelemnul
Beogh
Lugonu

Shops:
D:1 !![(   D:11 [   Orc:2 *[=(   Depths:1 =

Portals:
Hell: Depths:1
Abyss: Lair:1 Depths:1 Depths:2
Ziggurat: Depths:1
Trove: D:11 (give horn of Geryon)

Annotations:
D:5 2 transporters
D:9 exclusion: orange crystal statue
D:11 3 runed translucent doors, fly's ghost, novice DgTm
Lair:1 exclusion: oklob plant


Innate Abilities, Weirdness & Mutations

You are small and have problems with some larger weapons.
You are completely attuned to the shadows.


Message History

The tengu warrior claws you but does no damage.
Casting: Confusing Touch (safe; 0% risk of failure)
Confirm with . or Enter, or press ? or * to list all spells.
Aiming: Ensorcelled Hibernation (safe; 1% risk of failure)
Press: ? - help, Shift-Dir - straight line, f - tengu warrior
Aim: a tengu warrior, wielding a +0 dire flail and wearing a +0 ring mail (chance to confuse on hit: 71%, umbra, chance to affect: 55%)
The tengu warrior resists with some effort.
The tengu warrior hits you with a +0 dire flail!
* * * LOW HITPOINT WARNING * * *
The tengu warrior pecks you but does no damage.
You block the tengu warrior's attack.
Casting: Ensorcelled Hibernation (safe; 1% risk of failure)
Confirm with . or Enter, or press ? or * to list all spells.
Aiming: Ensorcelled Hibernation (safe; 1% risk of failure)
Press: ? - help, Shift-Dir - straight line, f/p - tengu warrior
Aim: a tengu warrior, wielding a +0 dire flail and wearing a +0 ring mail (chance to confuse on hit: 71%, umbra, chance to affect: 55%)
The tengu warrior resists with some effort.
Your hands stop glowing.
You hear some strange, mumbled words.
The tengu warrior hits you with a +0 dire flail!
* * * LOW HITPOINT WARNING * * *
You emit a cloud of dark smoke.
You block the tengu warrior's attack. The tengu warrior barely misses you.
The tengu warrior completely misses you.
The tengu warrior pecks you but does no damage.
You block the tengu warrior's attack.
You hear some strange, mumbled words.
You suddenly lose the ability to move!
The tengu warrior hits you but does no damage.
The tengu warrior pecks you but does no damage.
The tengu warrior claws you but does no damage.
Something hits you!
* * * LOW HITPOINT WARNING * * *
Something bites you.
* * * LOW HITPOINT WARNING * * *
Something draws strength from your injuries!
The tengu warrior hits you with a +0 dire flail!
* * * LOW HITPOINT WARNING * * *
The tengu warrior pecks you.
You die...

#......#
##.#...#
#.####.# ## #.#
#.# ##.# ###..#
#....# ###.@#
##..Q#
#....####
###..##.####
#..###.#.##
##.##.#.#§####
###.###.#§#§#§#
#§#§##.#[#§#§#
#§§###.#.#{#§#


You could see a tengu warrior.

Vanquished Creatures
  Saint Roka (Depths:1)
  Rupert (D:14)
  Kirke (D:15)
  A tengu reaver (Depths:1)
  2 frost giants
  An orc warlord (Orc:2)
  A caustic shrike zombie (Depths:2)
  A vampire knight (Depths:2)
  7 stone giants
  2 very ugly things (Depths:2)
  Azrael (D:14)
  5 ettins
  3 fire dragons (Depths:1)
  4 great orbs of eyes
  Fannar (D:10)
  3 boulder beetles (D:13)
  3 ice dragons (Depths:1)
  10 hydras
  2 rakshasas (Depths:1)
  2 centaur warriors (D:13)
  A death knight (D:11)
  2 two-headed ogres
  2 deep troll shamans (Depths:1)
  A deep troll earth mage (Depths:2)
  5 catoblepae
  14 death yaks
  8 tengu warriors
  3 orc high priests (Orc:2)
  An iron troll (Depths:1)
  4 skeletal warriors
  6 deep trolls
  A lindwurm (Lair:5)
  2 wizards (D:15)
  An orc knight (Orc:2)
  2 necromancers
  A wolf spider zombie (D:15)
  5 orc sorcerers
  7 deep elf pyromancers
  17 ugly things
  3 manticores
  A stone giant skeleton (Depths:2)
  A guardian serpent (shapeshifter) (D:14)
  Joseph (D:7)
  A naga mage (D:15)
  2 black mambas
  17 elephants
  A spriggan zombie (Depths:2)
  12 cane toads
  A torpor snail (Lair:3)
  A rime drake (Lair:5)
  A centaur skeleton (D:15)
  An unseen horror (D:12)
  3 kobold demonologists (D:12)
  A gargoyle (D:14)
  Psyche (D:11)
  A tengu conjurer (D:15)
  13 komodo dragons
  5 yaktaurs (D:15)
  A freezing wraith (D:15)
  A harpy zombie (D:15)
  2 meliai (D:13)
  6 trolls
  21 polar bears
  20 blink frogs
  16 slime creatures
  6 dream sheep
  3 dancing weapons
  A meliai zombie (D:11)
  5 wyverns
  2 shadows
  A steam dragon (Lair:4)
  6 wraiths
  3 fire elementals (D:14)
  4 hogs (D:15)
  A spriggan (Lair:2)
  4 basilisks
  73 yaks
  2 vampire mosquitoes (D:12)
  Menkaure (D:5)
  Edmund (D:4)
  4 nagas
  2 acid dragons
  A warg (Depths:1)
  8 water moccasins
  3 hell hounds (D:14)
  53 orc warriors
  A hornet zombie (D:6)
  2 sky beasts (D:7)
  4 black bears
  5 necrophages
  24 wolves
  7 ogres
  2 centaurs
  A phantom (D:6)
  8 kobold brigands
  3 gnoll sergeants (D:12)
  12 bullfrogs
  3 scorpions
  6 killer bees
  7 wights
  3 electric eels (Lair:3)
  A bullfrog zombie (D:4)
  3 centaur zombies
  2 jellies
  3 hounds
  25 orc priests
  A bullfrog skeleton (D:6)
  Jessica (D:2)
  An iguana (D:6)
  32 orc wizards
  Ijyb (D:4)
  2 killer bee zombies
  A hound zombie (D:4)
  A hound skeleton (D:5)
  A howler monkey zombie (D:6)
  5 gnolls (D:12)
  7 adders
  A white imp (D:6)
  An adder zombie (D:5)
  An adder skeleton (D:4)
  3 worms (D:2)
  3 dart slugs
  95 orcs
  6 bats
  An endoplasm (D:1)
  4 giant cockroaches
  9 goblins
  6 hobgoblins
  6 jackals
  5 quokkas
  8 ball pythons
  2 frilled lizards
  23 kobolds
  13 rats
  A bush (D:4)
816 creatures vanquished.

Vanquished Creatures (collateral kills)
  An ettin (Depths:1)
  A spriggan air mage (Depths:2)
  A two-headed ogre (D:9)
  A tengu warrior (D:11)
  3 orc knights
  A centaur zombie (D:11)
  A spriggan (Lair:2)
  2 orc warriors
  5 ogres
  Blork the orc (D:6)
  8 wights
  An orc priest (Orc:2)
  Crazy Yiuf (D:6)
  An orc wizard (Orc:1)
  2 orcs
30 creatures vanquished.

Vanquished Creatures (others)
  3 dancing weapons (Orc:2)
  An unseen horror (D:13)
  A human (D:15)
  An orc warrior (Orc:2)
  2 bushes
  72 fungi
  A lurking horror (Lair:1)
  119 plants
200 creatures vanquished.

Grand Total: 1046 creatures vanquished

Notes
Turn   | Place    | Note
-------+----------+-------------------------------------------
     0 | D:1      | Nattfarinn the Kobold Enchanter began the quest for the
                  | Orb.
     0 | D:1      | Reached XP level 1. HP: 10/10 MP: 3/3
   274 | D:1      | Found Ytijuru's Antique Weapon Boutique.
   294 | D:1      | Reached XP level 2. HP: 15/15 MP: 5/5
   694 | D:1      | Found Pegg's Armour Shoppe.
   736 | D:1      | Reached XP level 3. HP: 19/19 MP: 6/6
   835 | D:1      | Reached skill level 5 in Stealth
   992 | D:1      | Found Humiet's Distillery.
  1200 | D:1      | Found Poeviysch's Distillery.
  1680 | D:2      | Found a basalt altar of Yredelemnul.
  1761 | D:2      | Learned a level 2 spell: Ensorcelled Hibernation
  1855 | D:2      | Reached XP level 4. HP: 14/24 MP: 3/7
  2014 | D:2      | Noticed Jessica
  2019 | D:2      | Killed Jessica
  2261 | D:2      | Reached XP level 5. HP: 28/28 MP: 8/8
  3249 | D:3      | Found a basalt altar of Yredelemnul.
  4038 | D:3      | Found a faded altar of an unknown god.
  4349 | D:4      | Learned a level 3 spell: Confusing Touch
  4559 | D:4      | Noticed Edmund
  4811 | D:4      | Found a staircase to the Ecumenical Temple.
  4821 | D:4      | Reached XP level 6. HP: 32/32 MP: 10/10
  4890 | D:4      | Killed Edmund
  4891 | D:4      | Reached skill level 4 in Hexes
  5038 | Temple   | Entered the Ecumenical Temple
  5043 | Temple   | Became a worshipper of Dithmenos the Shadowed
  5215 | D:4      | Noticed Ijyb
  5219 | D:4      | Killed Ijyb
  5220 | D:4      | Reached XP level 7. HP: 36/36 MP: 9/12
  5485 | D:4      | Found a blossoming altar of Fedhas.
  5817 | D:4      | Reached skill level 5 in Hexes
  5913 | D:4      | Learned a level 3 spell: Tukima's Dance
  5948 | D:5      | Entered Level 5 of the Dungeon
  5958 | D:5      | Noticed Menkaure
  5962 | D:5      | Killed Menkaure
  5963 | D:5      | Reached skill level 5 in Spellcasting
  5963 | D:5      | Reached XP level 8. HP: 41/41 MP: 15/15
  6005 | D:5      | Found a transporter.
  6186 | D:5      | Found a transporter.
  6481 | D:5      | Reached skill level 6 in Hexes
  6822 | D:6      | Found a runed translucent door.
  6825 | D:6      | Noticed Crazy Yiuf
  6882 | D:6      | Killed Crazy Yiuf
  6940 | D:6      | Noticed Blork the orc
  6955 | D:6      | Killed Blork the orc
  7341 | D:6      | Reached XP level 9. HP: 45/45 MP: 18/18
  7651 | D:6      | Reached skill level 7 in Hexes
  7800 | D:6      | Reached * piety under Dithmenos
  8925 | D:7      | Reached skill level 8 in Hexes
  9128 | D:7      | Noticed a deep elf pyromancer
  9132 | D:7      | Killed a deep elf pyromancer
  9207 | D:7      | Reached skill level 10 in Stealth
  9216 | D:7      | Reached XP level 10. HP: 50/50 MP: 9/21
  9478 | D:7      | Noticed Joseph
  9490 | D:7      | Killed Joseph
  9491 | D:7      | Reached skill level 9 in Hexes
  9793 | D:8      | Noticed a manticore
  9799 | D:8      | Killed a manticore
 10170 | D:8      | Noticed a komodo dragon
 10179 | D:8      | Killed a komodo dragon
 10179 | D:8      | Reached ** piety under Dithmenos
 10180 | D:8      | Reached skill level 10 in Hexes
 10365 | D:8      | Found a staircase to the Lair.
 10369 | D:8      | Reached skill level 1 in Fighting
 10426 | D:8      | Noticed a deep elf pyromancer
 10442 | D:8      | Killed a deep elf pyromancer
 10777 | D:8      | Reached skill level 5 in Fighting
 11104 | D:8      | Reached XP level 11. HP: 64/64 MP: 20/23
 11770 | D:9      | Noticed a two-headed ogre
 12268 | D:9      | Noticed a two-headed ogre
 12279 | D:9      | Killed a two-headed ogre
 12483 | D:9      | Noticed an orange crystal statue
 12686 | D:9      | Killed a two-headed ogre
 12911 | D:10     | Entered Level 10 of the Dungeon
 13431 | D:10     | Reached skill level 10 in Fighting
 13630 | D:10     | Noticed Fannar
 13649 | D:10     | Killed Fannar
 13650 | D:10     | Reached skill level 5 in Dodging
 14220 | D:11     | Found a runed translucent gate.
 14222 | D:11     | Found a runed translucent gate.
 14223 | D:11     | Found a runed translucent gate.
 14223 | D:11     | Noticed fly's ghost (novice DgTm)
 14238 | D:11     | Found a portal to a secret trove of treasure.
 14271 | D:11     | Noticed a tengu warrior
 14274 | D:11     | Noticed a tengu warrior
 14278 | D:11     | Killed a tengu warrior
 14285 | D:11     | Killed a tengu warrior
 14286 | D:11     | Reached XP level 12. HP: 77/77 MP: 15/24
 14414 | D:11     | Noticed a skeletal warrior
 14810 | D:11     | Found Igoaha's Antique Armour Shop.
 14822 | D:11     | Reached *** piety under Dithmenos
 16189 | Lair:1   | Entered Level 1 of the Lair of Beasts
 16224 | Lair:1   | Found a one-way gate to the infinite horrors of the Abyss.
 16226 | Lair:1   | Found a corrupted altar of Lugonu.
 16432 | Lair:1   | Learned a level 4 spell: Olgreb's Toxic Radiance
 16447 | Lair:1   | Reached skill level 10 in Dodging
 16755 | Lair:1   | Noticed an eight-headed hydra
 16764 | Lair:1   | Killed an eight-headed hydra
 17072 | Lair:1   | Identified the Catalogue of Confrontation
 17121 | Lair:1   | Noticed an eight-headed hydra
 18399 | Lair:1   | Killed an eight-headed hydra
 19325 | Lair:2   | Found a staircase to the Snake Pit.
 19430 | Lair:2   | Reached XP level 13. HP: 49/82 MP: 11/25
 20044 | Lair:2   | Reached **** piety under Dithmenos
 21005 | Lair:3   | Reached skill level 15 in Dodging
 21166 | Lair:3   | Noticed an eight-headed hydra
 21171 | Lair:3   | Killed an eight-headed hydra
 21849 | Lair:3   | Learned a level 5 spell: Irradiate
 21856 | Lair:3   | Learned a level 4 spell: Cause Fear
 21860 | Lair:3   | Learned a level 3 spell: Dazzling Flash
 22723 | Lair:4   | Noticed a seven-headed hydra
 22729 | Lair:4   | Killed a seven-headed hydra
 23032 | Lair:4   | Noticed a five-headed hydra
 23041 | Lair:4   | Killed a five-headed hydra
 23168 | Lair:4   | Reached skill level 5 in Evocations
 23436 | Lair:4   | Noticed a seven-headed hydra
 23457 | Lair:4   | Killed a seven-headed hydra
 23458 | Lair:4   | Reached XP level 14. HP: 72/88 MP: 21/26
 23987 | Lair:4   | Found a staircase to the Shoals.
 25142 | Lair:5   | Reached skill level 10 in Evocations
 25407 | Lair:5   | Found a staircase to the Slime Pits.
 26847 | Lair:6   | Entered Level 6 of the Lair of Beasts
 26928 | Lair:6   | Reached skill level 5 in Short Blades
 28112 | Lair:6   | Reached XP level 15. HP: 63/92 MP: 27/27
 28117 | Lair:6   | Reached skill level 10 in Short Blades
 28130 | Lair:6   | Reached ***** piety under Dithmenos
 29252 | Lair:5   | Reached skill level 11 in Hexes
 29948 | Lair:6   | Learned a level 4 spell: Olgreb's Toxic Radiance
 30202 | D:11     | Reached skill level 1 in Poison Magic
 30399 | D:11     | Noticed Psyche
 30403 | D:11     | Killed Psyche
 31236 | D:12     | Found a staircase to the Orcish Mines.
 31311 | D:12     | Reached skill level 5 in Poison Magic
 33312 | D:13     | Found a frozen archway.
 33318 | IceCv    | Entered an ice cave
 33452 | IceCv    | Reached ****** piety under Dithmenos
 33874 | IceCv    | Noticed a frost giant
 33904 | IceCv    | Killed a frost giant
 34113 | IceCv    | Reached XP level 16. HP: 87/97 MP: 23/29
 35247 | D:1      | Bought a potion of cancellation for 96 gold pieces
 35247 | D:1      | Bought 2 potions of heal wounds for 120 gold pieces
 35247 | D:1      | Bought a potion of haste for 120 gold pieces
 35247 | D:1      | Bought a potion of resistance for 120 gold pieces
 35293 | D:1      | Bought a potion of brilliance for 52 gold pieces
 35293 | D:1      | Bought 2 potions of attraction for 78 gold pieces
 35293 | D:1      | Bought a potion of heal wounds for 65 gold pieces
 35293 | D:1      | Bought a potion of lignification for 39 gold pieces
 35293 | D:1      | Bought a potion of berserk rage for 65 gold pieces
 35293 | D:1      | Bought a potion of heal wounds for 65 gold pieces
 35717 | D:14     | Reached skill level 12 in Hexes
 35947 | D:9      | Identified the ring of Freedom {Str+6 Int+6 Dex+2 Stlth+}
 36596 | D:9      | Learned a level 6 spell: Invisibility
 36696 | D:14     | Noticed Rupert
 36706 | D:14     | Paralysed by Rupert for 5 turns
 36713 | D:14     | Killed Rupert
 38008 | D:14     | Found a stormy altar of Qazlal.
 38099 | D:14     | Found a gate to the Vaults.
 38494 | D:14     | Noticed Azrael
 38512 | D:14     | Killed Azrael
 38513 | D:14     | Reached skill level 13 in Hexes
 39064 | D:15     | Entered Level 15 of the Dungeon
 39364 | D:15     | Noticed Kirke
 39383 | D:15     | Killed Kirke
 39721 | D:15     | Reached skill level 14 in Hexes
 40067 | D:15     | Found a staircase to the Depths.
 40574 | Orc:1    | Entered Level 1 of the Orcish Mines
 41067 | Orc:2    | Entered Level 2 of the Orcish Mines
 41396 | Orc:2    | Found a staircase to the Elven Halls.
 41729 | Orc:2    | Reached XP level 17. HP: 49/102 MP: 7/30
 41765 | Orc:2    | Reached skill level 15 in Hexes
 42984 | Orc:2    | Found Ackoel's General Store.
 42984 | Orc:2    | Found Laorysk's Jewellery Emporium.
 42988 | Orc:2    | Bought a scroll of identify for 20 gold pieces
 42988 | Orc:2    | Bought a scroll of identify for 20 gold pieces
 42996 | Orc:2    | Found Weneelim's Antique Armour Emporium.
 42997 | Orc:2    | Found Arghunae's Antique Weapon Shoppe.
 43677 | Orc:2    | Bought an amulet of regeneration for 540 gold pieces
 44268 | Depths:1 | Entered Level 1 of the Depths
 44268 | Depths:1 | Noticed a tengu reaver
 44270 | Depths:1 | Killed a tengu reaver
 44357 | Depths:1 | Found a gateway to a ziggurat.
 44365 | Depths:1 | Reached skill level 16 in Hexes
 44633 | Depths:1 | Found a gateway to Hell.
 44762 | Depths:1 | Noticed Saint Roka
 44910 | Depths:1 | Reached skill level 17 in Hexes
 45154 | Depths:1 | Killed Saint Roka
 45368 | Depths:1 | Found Tarud's Jewellery Emporium.
 45448 | Depths:1 | Bought the amulet of Vucad {Reflect rC+ SH+5} for 572 gold
                  | pieces
 45690 | Depths:1 | Learned a level 8 spell: Discord
 45864 | Depths:2 | Reached XP level 18. HP: 80/106 MP: 27/31
 46232 | Depths:2 | Reached skill level 18 in Hexes
 46731 | Depths:2 | HP: 4/107 [spriggan air mage/the air (22)]
 47199 | Depths:2 | Paralysed by something for 7 turns
 47201 | Depths:2 | HP: 3/107 [tengu warrior (12)]
 47201 | Depths:2 | Slain by a tengu warrior

Illustrated notes

Levels and vault maps discovered:
D:1:      mushboom_english_gardens, layout_loops_corners, serial_shops,
          nicolae_lakefront_shop, nicolae_shop_stone, nicolae_shop_statue_plus,
          shop_statue, hex_large, nrook_mini_vaults, grunt_decor_junction
D:2:      layout_loops_ring, basic_altar, minmay_bisected, uniq_jessica
D:3:      layout_basic, amcnicky_altar_gilded, serial_co_window_serial,
          co_window_cross_1, co_window_of_opportunity_a,
          co_window_of_opportunity_a, co_window_paths_b, co_window_paths_a,
          co_window_of_opportunity_b, co_window_paths_c, co_window_corner_b,
          co_window_4corner_a, glass_columns_a, glass_columns_b,
          glass_columns_b, glass_columns_a, dilly_ecumenical_altar_fadedgnrine
D:4:      layout_loops_corners, fedhas_altar_decomposition,
          minmay_temple_entry_overgrown, uniq_edmund, uniq_ijyb
D:5:      gammafunk_wand_slinger, layout_loops_cross, uniq_menkaure
D:6:      minmay_inner_zag, layout_basic, uniq_blork_the_orc,
          uniq_crazy_yiuf_cottage
D:7:      layout_basic, kennysheep_nub, uniq_joseph
D:8:      minmay_chambers_of_fours, layout_cave_pools,
          grunt_lair_entry_orc_guard_hut
D:9:      layout_roguey, minmay_protected_statue
D:10:     layout_irregular_city, serial_bayou_pond_c, uniq_fannar
D:11:     cheibrodos_tormentor_scu, layout_gridville,
          nicolae_trove_entry_crossroad, gammafunk_ghost_nasty_kobolds,
          serial_shops, nicolae_lakefront_shop, uniq_psyche
D:12:     layout_basic, kennysheep_orc_monster_closet_entryway
D:13:     layout_cross, portal_ice_cave_entry_pillars_2, eino_jars
D:14:     layout_long_grid, erik_vaults_1, nicolae_qazlal_style_of_elements,
          uniq_rupert, uniq_azrael
D:15:     grunt_enter_depths_magical_seal, layout_basic, minmay_misc_feat_doors,
          uniq_kirke
Temple:   regret_index_temple_chain_breaker
Lair:1:   layout_roguey, serial_rivers, chequers_serial_rivers_micro_c,
          chequers_serial_rivers_micro_c, chequers_serial_rivers_room_a,
          chequers_serial_rivers_large_a, chequers_serial_rivers_micro_a,
          chequers_serial_rivers_room_b, minmay_lair_oklob_items,
          amcnicky_altar_lugonu_corruption, infiniplex_staircase_pool
Lair:2:   layout_long_grid, minmay_snake_entry_guardpost_small,
          forest_entry_grove
Lair:3:   layout_chaotic_city, serial_bayou_lagoon_b, lemuel_fruit_tree
Lair:4:   layout_roguey, shoals_dummy_entry, eino_small_chamber_without_monster,
          st_stairs_10, infiniplex_staircase_pool_2, grunt_megastairs_2
Lair:5:   layout_regular_city, minmay_slime_entry_pillars,
          minmay_stone_trees_small, small_statue_intersection,
          chequers_serial_rivers_micro_d, serial_bayou_pond_d
Lair:6:   evilmike_catoblepas_cave, layout_concentric_octagons
Orc:1:    layout_diamond_mine
Orc:2:    st_orc_congregation, layout_diamond_mine, basic_altar
Depths:1: layout_cave_shapes, enter_ziggurat_b, hangedman_abyss_entry_splay,
          minmay_misc_feat_tower, serial_shops, nicolae_shop_behind_doors,
          pf_hell_entry_tar_spiral, kennysheep_four_rooms, uniq_saint_roka
Depths:2: minmay_the_grid_triangle_9x9_recursive_3
          [minmay_the_grid_triangle_9x9_wacky_v,
          minmay_the_grid_triangle_9x9_steps,
          minmay_the_grid_triangle_9x9_swiss_cheese,
          minmay_the_grid_triangle_9x9_prize_center,
          minmay_the_grid_triangle_9x9_cache,
          minmay_the_grid_triangle_9x9_flanged_cone,
          minmay_the_grid_triangle_9x9_dagger,
          minmay_the_grid_triangle_9x9_pentomino_pain,
          minmay_the_grid_triangle_9x9_checkered], layout_cave_shapes,
          abyss_entry, grunt_metal_band,
          nicolae_uskayaw_murder_on_the_dancefloor

Skill      XL: |  1  2  3  4  5  6  7  8  9 10 11 12 13 14 15 16 17 18 |
---------------+-------------------------------------------------------+-----
Short Blades   | 2 3 9 10 | 10.0
Stealth        | 5 6 7 8 10 11 | 11.0
Dodging        | 3 8 13 16 | 16.5
Spellcasting   | 3 5 6 7 8 9 |  9.2
Hexes          | 4 5 6 8 10 11 14 17 18 | 18.5
Fighting       | 5 10 | 10.0
Evocations     | 6 11 | 11.2
Poison Magic   | 8 |  8.5

Action                   |  1- 3 |  4- 6 |  7- 9 | 10-12 | 13-15 | 16-18 || total
-------------------------+-------+-------+-------+-------+-------+-------++-------
Melee: Dagger            |   116 |   143 |   261 |   311 |   907 |   825 ||  2563
 Cast: Ensorcelled Hiber |     1 |    28 |     8 |   113 |   224 |    84 ||   458
       Confusing Touch   |       |     3 |    18 |    23 |    57 |    23 ||   124
       Corona            |       |     1 |       |       |       |       ||     1
       Tukima's Dance    |       |       |    12 |    31 |     2 |    47 ||    92
       Olgreb's Toxic Ra |       |       |       |       |    28 |    59 ||    87
       Dazzling Flash    |       |       |       |       |    16 |     2 ||    18
       Invisibility      |       |       |       |       |       |     3 ||     3
Evoke: Wand              |       |       |       |     1 |    58 |    27 ||    86
       Lightning rod     |       |       |       |       |     4 |     4 ||     8
  Use: Scroll            |       |       |     8 |    14 |    17 |    10 ||    49
       Potion            |       |       |       |     1 |     1 |     9 ||    11
 Stab: Sleeping          |    15 |    33 |    31 |    96 |   140 |   119 ||   434
       Confused          |       |     2 |    21 |    26 |    78 |    32 ||   159
       Distracted        |       |       |     1 |       |     3 |     2 ||     6
       Invisible         |       |       |       |       |     6 |     2 ||     8
Armor: Robe              |    17 |    47 |    66 |    83 |   257 |    90 ||   560
Dodge: Dodged            |    63 |   108 |   120 |   328 |  1487 |   707 ||  2813
Block: Other             |       |       |       |       |       |    21 ||    21
       Reflection        |       |       |       |       |       |     3 ||     3

Table legend: (Time is in decaauts)
 A = Elapsed time spent in this place.
 B = Non-inter-level travel time spent in this place.
 C = Inter-level travel time spent in this place.
 D = Time resting spent in this place.
 E = Time spent auto-exploring this place.
 F = Levels seen in this place.
 G = Mean time per level.
                   A        B        C        D        E       F      G
               +--------+--------+--------+--------+--------+-----+--------+
         Total |  46528 |  43066 |   3462 |  14994 |  20841 |  27 | 1723.3 |
       Dungeon |  26046 |  23711 |   2335 |   7097 |  13087 |  15 | 1736.4 |
        Temple |     10 |      5 |      5 |      0 |      0 |   1 |   10.0 |
          Lair |  13514 |  12726 |    788 |   5272 |   5287 |   6 | 2252.3 |
  Orcish Mines |   2977 |   2670 |    307 |    759 |   1259 |   2 | 1488.5 |
        Depths |   2826 |   2801 |     25 |   1382 |    800 |   2 | 1413.0 |
      Ice Cave |   1153 |   1153 |      0 |    484 |    408 |   1 | 1153.0 |
               +--------+--------+--------+--------+--------+-----+--------+

Top non-repeatable levels by time:
     D:8: 2603 daAuts
  Lair:6: 2507 daAuts
  Lair:1: 2482 daAuts
  Lair:4: 2293 daAuts
    D:12: 2274 daAuts
    D:11: 2257 daAuts
  Lair:5: 2257 daAuts
  Lair:3: 1988 daAuts
  Lair:2: 1985 daAuts
    D:10: 1927 daAuts
     D:9: 1871 daAuts
    D:13: 1835 daAuts
   Orc:2: 1783 daAuts
     D:1: 1759 daAuts
     D:6: 1752 daAuts
